 Dungeon Crawl Stone Soup version 0.28.0-43-g3370ac3207 (webtiles) character file.

Game seed: 16628613512575301825

4534 fcSolar the Protected (level 10, 0/79 HPs)
             Began as a Minotaur Berserker on Mar 3, 2022.
             Was a Priest of Trog.
             Slain by a gnoll sergeant
             ... wielding a +0 spear
              (2 damage)
             ... on level 8 of the Dungeon.
             The game lasted 00:35:04 (7928 turns).

fcSolar the Protected (Minotaur Berserker)          Turns: 7928, Time: 00:35:04

Health: 0/79       AC: 15    Str: 26    XL:     10   Next: 17%
Magic:  9/9        EV: 10    Int:  2    God:    Trog [***...]
Gold:   344        SH:  0    Dex: 13    Spells: 9/9 levels left

rFire   . . .      SeeInvis .   A - +5 mace "Foxud" {freeze, Str+3}
rCold   . . .      Faith    .   (no shield)
rNeg    . . .      Spirit   .   h - +1 chain mail
rPois   .          Reflect  .   (helmet restricted)
rElec   .          Harm     .   (no cloak)
rCorr   .          Rampage  .   (no gloves)
Will    .....                   s - +2 pair of boots
Stlth   ..........              (no amulet)
HPRegen 0.23/turn               p - +4 ring of slaying
MPRegen 0.11/turn               (no ring)

@: on berserk cooldown, slowed, unable to read, very slow
A: horns 2, retaliatory headbutt, dopey 1, frail 1, inability to read while
threatened
a: Renounce Religion, Berserk, Trog's Hand


You were on level 8 of the Dungeon.
You worshipped Trog.
Trog was most pleased with you.
You visited 1 branch of the dungeon, and saw 8 of its levels.

You collected 344 gold pieces.

Inventory:

Hand Weapons
 l - a +2 vampiric rapier
 m - a +2 whip of chaos
 q - a +1 flail of holy wrath
 r - a +4 flail of protection
 w - a +3 scimitar of holy wrath
 A - the +5 mace "Foxud" (weapon) {freeze, Str+3}
   (You found it on level 7 of the Dungeon)

   It freezes those it strikes, dealing additional cold damage.
   It can also slow down cold-blooded creatures.
   Str:       It affects your strength (+3).
Missiles
 c - 263 stones (quivered)
 d - 4 throwing nets
Armour
 b - a +0 animal skin
 g - a +0 leather armour
 h - a +1 chain mail (worn)
 n - a +2 scale mail of fire resistance
 s - a +2 pair of boots (worn)
Jewellery
 i - a ring of protection from cold
 p - a +4 ring of slaying (left hand)
 t - a ring of positive energy
 v - a ring of fire
Wands
 u - a wand of charming (2)
 y - a wand of iceblast (13)
 B - a wand of flame (19)
Scrolls
 a - 3 scrolls of identify
 e - a scroll of summoning
 f - a scroll of blinking
 j - 3 scrolls of teleportation
 o - a scroll of silence
 C - a scroll of immolation {unknown}
Potions
 x - 2 potions of ambrosia {unknown}


   Skills:
 + Level 7.9 Fighting
 + Level 9.1 Short Blades
 + Level 6.8 Maces & Flails
 + Level 4.7 Throwing
 + Level 9.4 Armour
 + Level 3.7 Dodging
 + Level 1.5 Stealth


You had 9 spell levels left.
You didn't know any spells.
Your spell library was empty.

Dungeon Overview and Level Annotations

Branches:
Dungeon (8/15)             Temple (0/1) D:6
   Lair: D:8-11

Altars:
Elyvilon
Fedhas
Gozag
Makhleb
Okawaru
Uskayaw

Shops:
D:1 =(:


Innate Abilities, Weirdness & Mutations

You have a pair of horns on your head.
You reflexively headbutt those who attack you in melee.
You are dopey. (Int -2)
You are frail. (-10% HP)
You sometimes lose the ability to read scrolls when taking damage.


Message History

The gnoll sergeant hits you from afar with a +0 spear.
* * * LOW HITPOINT WARNING * * *
You hit the gnoll. You freeze the gnoll.
You kill the gnoll!
Trog accepts your kill.
The gnoll sergeant hits you but does no damage.
The gnoll hits you with a +0 flail.
* * * LOW HITPOINT WARNING * * *
You closely miss the gnoll. You punch the gnoll!
The gnoll is heavily wounded.
The gnoll misses you.
The gnoll sergeant hits you from afar with a +0 spear.
* * * LOW HITPOINT WARNING * * *
The gnoll hits you but does no damage.
A red film seems to cover your vision as you go berserk!
You feel yourself moving faster!
You feel mighty! The gnoll hits you but does no damage.
The gnoll sergeant barely misses you. The gnoll closely misses you.
You furiously retaliate!
You headbutt the gnoll!
You kill the gnoll!
Trog accepts your kill.
You are too berserk!
You feel a strong urge to attack something.
The gnoll hits you but does no damage.
Items here: ( )) †.
The gnoll sergeant hits you but does no damage.
The gnoll hits you from afar with a +0 spear.
* * * LOW HITPOINT WARNING * * *
You feel your anger nearly subside.
You are no longer berserk.
You are exhausted.
You feel yourself slow down. The gnoll sergeant closely misses you.
Items here: ( )) †.
You closely miss the gnoll sergeant. The gnoll hits you but does no damage.
The gnoll sergeant hits you but does no damage.
The gnoll barely misses you. You furiously retaliate!
You headbutt the gnoll!
You kill the gnoll!
Trog accepts your kill.
You sock the gnoll sergeant! You freeze the gnoll sergeant.
The gnoll sergeant is severely wounded.
The gnoll sergeant hits you with a +0 spear.
You die...

..... $....
..... ....#
#.#.## #.#g<
#.#.#
#####)#.#
#...@g..#
#.####.###.#.#
#......#
#..#..
######.#
###.### ##.##
.# #...# #
#.#.# #...#
#..##


You could see a gnoll sergeant.

Vanquished Creatures
  Harold (D:7)
  Pikel (D:4)
  Maggie (D:8)
  Prince Ribbit (D:5)
  5 yaks (D:6)
  A wyvern (D:7)
  Menkaure (D:5)
  Edmund (D:5)
  A water moccasin (D:6)
  A sky beast (D:7)
  A necrophage (D:6)
  An orc warrior (D:7)
  2 black bears
  3 ogres
  3 centaurs
  A phantom (D:6)
  Blork the orc (D:5)
  A water moccasin skeleton (D:6)
  5 hounds
  A gnoll shaman (D:4)
  An orc priest (D:8)
  2 iguanas
  An orc wizard (D:8)
  21 gnolls
  6 adders
  A shadow imp (D:4)
  A white imp (D:5)
  An adder skeleton (D:4)
  2 worms
  10 orcs
  5 ball pythons
  10 endoplasms
  2 giant cockroaches
  2 goblins
  A hobgoblin (D:1)
  2 kobolds
  5 quokkas
  2 bats (D:3)
  A frilled lizard (D:1)
  3 rats
112 creatures vanquished.

Vanquished Creatures (others)
  14 plants
14 creatures vanquished.

Grand Total: 126 creatures vanquished

Notes
Turn   | Place    | Note
-------+----------+-------------------------------------------
     0 | D:1      | fcSolar the Minotaur Berserker began the quest for the Orb.
     0 | D:1      | Reached XP level 1. HP: 19/19 MP: 0/0
   206 | D:1      | Found Lauddizxoit's Book Shop.
   420 | D:1      | Found Joesesen's Jewellery Emporium.
   540 | D:1      | Reached XP level 2. HP: 27/27 MP: 1/1
   773 | D:1      | Found a faded altar of an unknown god.
   832 | D:1      | Found Ireydofy's Antique Weapon Emporium.
   999 | D:1      | Gained mutation: You sometimes lose the ability to read
                  | scrolls when taking damage. [potion of mutation]
   999 | D:1      | Gained mutation: You are dopey. (Int -2) [potion of
                  | mutation]
   999 | D:1      | Gained mutation: You are frail. (-10% HP) [potion of
                  | mutation]
  1064 | D:2      | Reached XP level 3. HP: 29/29 MP: 2/2
  1320 | D:2      | Reached skill level 5 in Maces & Flails
  1413 | D:2      | Reached XP level 4. HP: 26/36 MP: 3/3
  1624 | D:2      | Reached ** piety under Trog
  2282 | D:3      | Reached skill level 1 in Throwing
  2422 | D:3      | Found a hide-covered altar of Uskayaw.
  2498 | D:3      | Noticed a black bear
  2506 | D:3      | Killed a black bear
  2507 | D:3      | Reached XP level 5. HP: 42/42 MP: 4/4
  2785 | D:4      | Noticed an ogre
  2811 | D:4      | Killed an ogre
  2812 | D:4      | Reached skill level 1 in Stealth
  2812 | D:4      | Reached XP level 6. HP: 47/47 MP: 5/5
  2887 | D:4      | Reached skill level 1 in Short Blades
  2906 | D:4      | Found a blossoming altar of Fedhas.
  2961 | D:4      | Reached skill level 5 in Fighting
  2961 | D:4      | Noticed Pikel
  2970 | D:4      | Killed Pikel
  2971 | D:4      | Reached skill level 5 in Armour
  2971 | D:4      | Reached XP level 7. HP: 54/54 MP: 6/6
  3260 | D:4      | Found a white marble altar of Elyvilon.
  3586 | D:4      | You fall into a shaft and drop 1 floor!
  3586 | D:5      | Entered Level 5 of the Dungeon
  3692 | D:4      | Found a burning altar of Makhleb.
  3800 | D:5      | Reached XP level 8. HP: 42/63 MP: 7/7
  4040 | D:5      | Found an iron altar of Okawaru.
  4240 | D:5      | Noticed Edmund
  4254 | D:5      | Killed Edmund
  4297 | D:5      | Noticed Prince Ribbit
  4298 | D:5      | Noticed Blork the orc
  4309 | D:5      | Killed Blork the orc
  4314 | D:5      | Killed Prince Ribbit
  4315 | D:5      | Reached skill level 5 in Short Blades
  4436 | D:5      | Noticed Menkaure
  4441 | D:5      | Killed Menkaure
  5644 | D:6      | Reached XP level 9. HP: 67/67 MP: 8/8
  5877 | D:6      | Found an opulent altar of Gozag.
  5906 | D:6      | Reached *** piety under Trog
  6271 | D:6      | Found a staircase to the Ecumenical Temple.
  6843 | D:7      | Noticed Harold
  6857 | D:7      | Killed Harold
  6874 | D:7      | Reached XP level 10. HP: 35/79 MP: 9/9
  7491 | D:7      | Identified the +5 mace "Foxud" {freeze, Str+3}
  7894 | D:8      | Noticed Maggie
  7904 | D:8      | HP: 3/79 [gnoll sergeant/+0 spear (8)]
  7909 | D:8      | Killed Maggie
  7922 | D:8      | HP: 2/79 [gnoll sergeant/+0 spear (2)]
  7928 | D:8      | Slain by a gnoll sergeant

Illustrated notes

Levels and vault maps discovered:
D:1:      minmay_arrival_shattered_statue, layout_basic,
          chequers_ecumenical_altar_lobes, serial_shops,
          nicolae_shop_hallway_stairs, shop_fountains,
          nicolae_shop_advertising_works [nicolae_subvault_shop_adworks]
D:2:      layout_rooms
D:3:      layout_loops_ring, nicolae_uskayaw_murder_on_the_dancefloor
D:4:      layout_loops_ring, nicolae_elyvilon_temple_path,
          fedhas_ov_isle_minmay, makhleb_blood_cavern_becter, uniq_pikel
D:5:      layout_gridville, mainiacjoe_overflow_alcove_1,
          grunt_decor_one_mirror, nicolae_zen_rock_garden, uniq_blork_the_orc,
          uniq_edmund, uniq_menkaure, uniq_prince_ribbit1
D:6:      layout_layer_cave, grunt_gozag_statues, minmay_temple_entry_nine_rooms
D:7:      layout_loops_corners, uniq_harold
D:8:      layout_loops_ring, mainiacjoe_overflow_catwalk, minmay_shop_chei,
          uniq_maggie

Skill      XL: |  1  2  3  4  5  6  7  8  9 10 |
---------------+-------------------------------+-----
Maces & Flails | 4 5 6 |  6.8
Fighting       | 4 5 6 7 |  7.9
Throwing       | 1 3 4 |  4.7
Armour         | 3 5 7 9 |  9.4
Stealth        | 1 |  1.5
Short Blades   | 2 3 6 8 9 |  9.1
Dodging        | 3 |  3.7

Action                   |  1- 3 |  4- 6 |  7- 9 | 10-12 || total
-------------------------+-------+-------+-------+-------++-------
Melee: Mace              |    44 |    16 |       |    25 ||    85
       Headbutt          |     9 |    17 |    35 |     3 ||    64
       Rapier            |       |    44 |   147 |    14 ||   205
       Flail             |       |       |     2 |       ||     2
       Punch             |       |       |     1 |     1 ||     2
Throw: Stone             |    40 |    15 |    34 |     7 ||    96
Invok: Berserk           |     1 |     3 |     2 |     1 ||     7
  Use: Potion            |     2 |     2 |     2 |     3 ||     9
       Scroll            |     2 |     3 |     6 |       ||    11
Armor: Animal skin       |     5 |       |       |       ||     5
       Leather armour    |     5 |       |       |       ||     5
       Chain mail        |       |    26 |    59 |    32 ||   117
Dodge: Dodged            |    21 |    23 |    68 |    33 ||   145
